 Dungeon Crawl Stone Soup version 0.31-a0-95-g6fa058ef04 (webtiles) character file.

Game seed: 6283193126725486759

452 Zonian the Gusty (level 7, -1/36 HPs)
             Began as a Tengu Air Elementalist on May 26, 2023.
             Slain by an iguana (20 damage)
             ... on level 5 of the Dungeon.
             The game lasted 00:11:42 (6846 turns).

Zonian the Gusty (Tengu Air Elementalist)           Turns: 6846, Time: 00:11:42

Health: -1/36      AC:  2    Str:  8    XL:     7   Next: 5%
Magic:  22/22      EV:  2    Int: 18    God:
Gold:   173        SH:  0    Dex: 14    Spells: 3/12 levels left

rFire   x . .        x - +2 dagger (venom)
rCold   + . .        (no shield)
rNeg    . . .        a - +0 robe
rPois   .            (helmet restricted)
rElec   .            (no cloak)
rCorr   .            (no gloves)
SInv    .            (boots unavailable)
Will    .....        (no amulet)
Stlth   +++          h - ring of magical power
HPRegen 0.26/turn    e - ring of ice
MPRegen 0.18/turn

%: no passive effects
@: sleeping, flying quickly and evasively, quick
A: beak, talons 3, nimble flight
a: no special abilities


You were on level 5 of the Dungeon.
You visited 1 branch of the dungeon, and saw 5 of its levels.

You collected 173 gold pieces.

Inventory:

Hand Weapons
 g - a +0 dagger
 i - a +0 rapier
 m - a +0 short sword
 n - a +0 sling
 r - a +2 trident of flaming
 x - a +2 dagger of venom (weapon)
 z - a +1 dagger of electrocution
Missiles
 v - 4 poisoned darts
Armour
 a - a +0 robe (worn)
Jewellery
 e - a ring of ice (right hand)
 h - a ring of magical power (left hand)
 o - a ring of flight
 s - a ring of resist corrosion
Wands
 d - a wand of polymorph (7)
 u - a wand of flame (15)
Scrolls
 c - 2 scrolls of magic mapping
 f - 2 scrolls of vulnerability
 y - 3 scrolls of amnesia
 A - a scroll of brand weapon {unknown}
 B - a scroll of poison {unknown}
 C - a scroll of fear {unknown}
Potions
 b - a potion of magic
 j - 2 potions of ambrosia
 k - a potion of curing {unknown}
 l - 2 potions of brilliance
 p - a potion of haste {unknown}
 q - 2 potions of heal wounds {unknown}
 t - 3 potions of mutation {unknown}
 w - a potion of degeneration {unknown}


   Skills:
 + Level 4.0 Dodging
 + Level 3.9 Stealth
 + Level 3.4 Spellcasting
 + Level 4.2 Conjurations
 + Level 5.8 Air Magic


You had 3 spell levels left.
You knew the following spells:

 Your Spells              Type           Power      Damage    Failure   Level
a - Shock                 Conj/Air       76%        1d7       2%          1
b - Static Discharge      Conj/Air       38%        2-4/arc   3%          2
c - Swiftness             Air            23%        N/A       4%          3
d - Mephitic Cloud        Conj/Pois/Air  13%        N/A       16%         3

Your spell library contained the following spells:

 Spells                   Type           Power      Damage    Failure   Level
 Poisonous Vapours        Pois/Air       22%        N/A       9%          2
 Blink                    Tloc           6%         N/A       24%         2
 Dazzling Flash           Conj/Hex       18%        N/A       24%         3
 Volatile Blastmotes      Fire/Tloc      2%         2d10      50%         3
 Airstrike                Air            11%        2d(2-18)  14%         4
 Iskenderun's Mystic Bla  Conj/Tloc      9%         2d4       61%         4
 Freezing Cloud           Conj/Ice/Air   9%         6-21      80%         5
 Manifold Assault         Tloc           3%         N/A       83%         4
 Starburst                Conj/Fire      4%         6d4       100%        6
 Storm Form               Tmut/Air       5%         N/A       100%        7


Dungeon Overview and Level Annotations

Branches:
Dungeon (5/15)
 Temple: D:4-7

Altars:
Cheibriados
Wu Jian
Yredelemnul

Shops:
D:4 :


Innate Abilities, Weirdness & Mutations

You have a beak for a mouth.
You have claws for feet.
Your magical nature lets you fly swiftly and evasively.


Message History

Unknown command.
Casting: Static Discharge (safe; 3% risk of failure)
Confirm with . or Enter, or press ? or * to list all spells.
The hound is struck by an arc of lightning.
The hound is severely wounded.
You are struck by an arc of lightning.
The hound is struck by an arc of lightning.
The hound is almost dead.
You are struck by an arc of lightning.
The lightning grounds out.
The hound misses you. x2
Unknown command.
Casting: Static Discharge (safe; 3% risk of failure)
Confirm with . or Enter, or press ? or * to list all spells.
The hound is struck by an arc of lightning.
You kill the hound!
You are struck by an arc of lightning.
The lightning grounds out.
You have reached level 7!
You now have 173 gold pieces (gained 16).
Unknown command.
Magic restored.
A hound and a sleepcap come into view.
There are monsters nearby!
Unknown command.
Found a viscous golden potion.
A hound comes into view.
An iguana comes into view.
The helpless iguana fails to defend itself.
You puncture the iguana! Your peck misses the iguana.
The iguana is almost dead.
The sleepcap releases spores at you. The iguana bites you!
Unknown command.
You hit the iguana but do no damage.
The iguana is poisoned.
Your kick misses the iguana.
The iguana is almost dead.
The sleepcap releases spores at you.
You are engulfed in a cloud of soporific spores!
You fall asleep.
The iguana bites you!!
Ouch! That really hurt!
You die...

##..##..##.##..##..##
#......#...#......#
##....##...##....##
##..##.....##..##
####..#.#..####
#..#####..# #..
$#[#..# #..#h#f#..#
## .!#.@.## #h###l##
###


You could see a sleepcap and an iguana (very poisoned).

Vanquished Creatures
  2 scorpions
  2 hounds
  An iguana (D:4)
  2 orc wizards (D:5)
  Robin (D:2)
  8 adders
  A shadow imp (D:5)
  2 white imps (D:5)
  A worm (D:2)
  4 dart slugs
  3 orcs
  6 bats
  6 endoplasms
  4 giant cockroaches
  14 goblins
  9 hobgoblins
  6 quokkas
  4 ball pythons
  5 frilled lizards
  4 kobolds
  3 rats
88 creatures vanquished.

Notes
Turn   | Place    | Note
-------+----------+-------------------------------------------
     0 | D:1      | Zonian the Tengu Air Elementalist began the quest for the
                  | Orb.
     0 | D:1      | Reached XP level 1. HP: 10/10 MP: 4/4
   293 | D:1      | Reached XP level 2. HP: 15/15 MP: 4/6
   881 | D:1      | Learned a level 2 spell: Static Discharge
  1362 | D:1      | Reached XP level 3. HP: 19/19 MP: 7/7
  2129 | D:2      | Found a basalt altar of Yredelemnul.
  2424 | D:2      | Noticed Robin
  2679 | D:2      | Reached XP level 4. HP: 24/24 MP: 8/8
  2823 | D:2      | Learned a level 3 spell: Swiftness
  3454 | D:2      | Killed Robin
  4531 | D:3      | Found a snail-covered altar of Cheibriados.
  4543 | D:3      | Found an ornate altar of the Wu Jian Council.
  4810 | D:3      | Gained mutation: Your magical nature lets you fly swiftly
                  | and evasively. [Tengu growth]
  4810 | D:3      | Reached XP level 5. HP: 28/28 MP: 10/10
  5214 | D:4      | Found Xoguuwun's Book Shop.
  5214 | D:4      | Noticed a walking divine tome
  5284 | D:4      | Reached skill level 5 in Air Magic
  5496 | D:4      | Noticed a walking frostbound tome
  5648 | D:4      | Reached XP level 6. HP: 27/32 MP: 11/11
  5866 | D:4      | Learned a level 3 spell: Mephitic Cloud
  6141 | D:5      | Entered Level 5 of the Dungeon
  6743 | D:5      | Reached XP level 7. HP: 16/36 MP: 10/13
  6846 | D:5      | Slain by an iguana

Illustrated notes

Levels and vault maps discovered:
D:1:      psy_arrival_fountain, layout_basic, nrook_uturn
D:2:      layout_loops_corners, basic_altar, kennysheep_small_spiral, uniq_robin
D:3:      layout_basic, amethyst_overflow_temple_binary
D:4:      layout_rooms, serial_shops, nicolae_shop_mannequins
D:5:      layout_basic, grunt_ministairs_3, minmay_puff

Skill      XL: |  1  2  3  4  5  6 |
---------------+-------------------+-----
Conjurations   | 2 3 4 |  4.2
Dodging        | 3 4 |  4.0
Stealth        | 3 |  3.9
Air Magic      | 5 |  5.8
Spellcasting   | 3 |  3.4

Action                     |  1- 3 |  4- 6 |  7- 9 || total
---------------------------+-------+-------+-------++-------
  Melee: Unarmed           |     7 |       |       ||     7
         Kick              |     2 |     8 |       ||    10
         Peck              |     3 |     3 |       ||     6
         Dagger            |     1 |    15 |     2 ||    18
         Trident           |     6 |     6 |       ||    12
   Cast: Shock             |    70 |   130 |       ||   200
         Static Discharge  |       |    14 |       ||    14
    Use: Scroll            |       |    10 |       ||    10
   Stab: Sleeping          |     2 |     1 |     1 ||     4
 Armour: Robe              |     4 |     6 |       ||    10
  Dodge: Dodged            |    31 |    50 |       ||    81

Table legend: (Time is in decaauts)
 A = Elapsed time spent in this place.
 B = Non-inter-level travel time spent in this place.
 C = Inter-level travel time spent in this place.
 D = Time resting spent in this place.
 E = Time spent auto-exploring this place.
 F = Levels seen in this place.
 G = Mean time per level.
                   A        B        C        D        E       F      G
               +--------+--------+--------+--------+--------+-----+--------+
         Total |   6737 |   6615 |    122 |   2875 |   2678 |   5 | 1347.4 |
       Dungeon |   6737 |   6615 |    122 |   2875 |   2678 |   5 | 1347.4 |
               +--------+--------+--------+--------+--------+-----+--------+

Top non-repeatable levels by time:
     D:2: 2558 daAuts
     D:1: 1798 daAuts
     D:4: 920 daAuts
     D:3: 790 daAuts
     D:5: 669 daAuts
